[Event "11th LCC FIDE Open 2019"]
[Site "London"]
[Date "2019.12.04"]
[Round "7.24"]
[White "Pasztor, Balazs"]
[Black "Berry, Neil"]
[Result "1/2-1/2"]
[ECO "C78"]
[WhiteElo "2166"]
[BlackElo "2250"]
[Annotator "NA"]
[PlyCount "40"]
[EventDate "2019.11.29"]
[EventType "swiss"]
[EventCountry "ENG"]
[SourceTitle "playchess.com"]
[Source "ChessBase"]
[SourceQuality "1"]
[TimeControl "40/5400+30:1800+30"]

1. e4 e5 2. Nf3 Nc6 3. Bb5 a6 4. Ba4 Nf6 5. Nc3 Bd6 6. O-O O-O 7. a3 Re8 8. d3 h6 9. Re1 Bc5 10. Nd5 d6 11. c3 Ba7 12. Be3 Bd7 13. Bb3 Nxd5 14. Bxd5 Bxe3 15. Rxe3 Be6 16. Qb3 Rb8 17. Bxe6 Rxe6 18. d4 Re8 19. dxe5 Nxe5 20. Nxe5 Rxe5 1/2-1/2

[Event "11th LCC FIDE Open 2019"]
[Site "London"]
[Date "2019.12.04"]
[Round "7.25"]
[White "Lee, Qing Aun"]
[Black "Willmoth, Robert F"]
[Result "1/2-1/2"]
[ECO "B07"]
[WhiteElo "2228"]
[BlackElo "2108"]
[Annotator "NA"]
[PlyCount "84"]
[EventDate "2019.11.29"]
[EventType "swiss"]
[EventCountry "ENG"]
[SourceTitle "playchess.com"]
[Source "ChessBase"]
[SourceQuality "1"]
[TimeControl "40/5400+30:1800+30"]

1. e4 d6 2. d4 Nf6 3. Nc3 g6 4. Bg5 Bg7 5. e5 Nfd7 6. exd6 cxd6 7. Nf3 Nf6 8. Be2 Qa5 9. Qd2 Nbd7 10. O-O-O h6 11. Be3 Nb6 12. Kb1 Be6 13. a3 Rc8 14. Ne4 Qd5 15. Nxf6+ Bxf6 16. b3 Bg7 17. c4 Qc6 18. Rc1 Bf5+ 19. Ka2 Nd7 20. d5 Qc7 21. Bd4 Nf6 22. Bd3 Bxd3 23. Qxd3 O-O 24. Bb2 a6 25. Rhe1 Qd7 26. Nd4 Rc5 27. f4 b5 28. f5 bxc4 29. bxc4 g5 30. Nc6 Rxc6 31. dxc6 Qxc6 32. Rc2 Qb7 33. Bxf6 Bxf6 34. Rb1 Qa7 35. Qe4 Qc5 36. Qd5 Qe3 37. g4 Kg7 38. Qb7 Qd3 39. Rbc1 Qd4 40. h3 a5 41. Qd5 Qe3 42. Qxa5 Rb8 1/2-1/2

[Event "11th LCC FIDE Open 2019"]
[Site "London"]
[Date "2019.12.04"]
[Round "7.26"]
[White "Akots, Gabor"]
[Black "Seymour, Timothy P"]
[Result "1/2-1/2"]
[ECO "C54"]
[WhiteElo "2221"]
[BlackElo "2107"]
[Annotator "NA"]
[PlyCount "29"]
[EventDate "2019.11.29"]
[EventType "swiss"]
[EventCountry "ENG"]
[SourceTitle "playchess.com"]
[Source "ChessBase"]
[SourceQuality "1"]
[TimeControl "40/5400+30:1800+30"]

1. e4 e5 2. Nf3 Nc6 3. Bc4 Bc5 4. c3 Nf6 5. d3 O-O 6. Bg5 h6 7. Bh4 Be7 8. Nbd2 d6 9. a4 Nh5 10. g3 g6 11. Nf1 Kg7 12. Ne3 Be6 13. Bxe6 fxe6 14. Bxe7 Qxe7 15. Nd2 1/2-1/2

[Event "11th LCC FIDE Open 2019"]
[Site "London"]
[Date "2019.12.04"]
[Round "7.27"]
[White "Stanisz, Patryk"]
[Black "Papadiamandis, Elliot"]
[Result "1/2-1/2"]
[ECO "D01"]
[WhiteElo "2139"]
[BlackElo "2220"]
[Annotator "NA"]
[PlyCount "46"]
[EventDate "2019.11.29"]
[EventType "swiss"]
[EventCountry "ENG"]
[SourceTitle "playchess.com"]
[Source "ChessBase"]
[SourceQuality "1"]
[TimeControl "40/5400+30:1800+30"]

1. d4 Nf6 2. Bf4 g6 3. Nc3 d5 4. Qd2 Bg7 5. Bh6 O-O 6. Bxg7 Kxg7 7. e3 c6 8. f3 b5 9. g4 h5 10. gxh5 Nxh5 11. Nge2 a5 12. Ng3 Nxg3 13. hxg3 Rh8 14. Rxh8 Qxh8 15. Bg2 Qh2 16. Qf2 Bh3 17. Bxh3 Qxh3 18. O-O-O Nd7 19. Ne2 Rh8 20. Rg1 e5 21. g4 exd4 22. exd4 Nf6 23. g5 Nd7 1/2-1/2

[Event "11th LCC FIDE Open 2019"]
[Site "London"]
[Date "2019.12.04"]
[Round "7.28"]
[White "Semprun Martinez, Fernando"]
[Black "Manfay, Mate"]
[Result "1/2-1/2"]
[ECO "A56"]
[WhiteElo "2071"]
[BlackElo "2197"]
[Annotator "NA"]
[PlyCount "74"]
[EventDate "2019.11.29"]
[EventType "swiss"]
[EventCountry "ENG"]
[SourceTitle "playchess.com"]
[Source "ChessBase"]
[SourceQuality "1"]
[TimeControl "40/5400+30:1800+30"]

1. d4 Nf6 2. c4 c5 3. d5 e5 4. Nc3 d6 5. e4 Be7 6. g3 Nbd7 7. Bg2 O-O 8. Nge2 Ne8 9. O-O a6 10. a4 b6 11. Qd3 Rb8 12. Be3 Nc7 13. Ra3 Bf6 14. Bh3 Re8 15. Kg2 Nf8 16. Bxc8 Qxc8 17. f3 Qd7 18. Rb1 a5 19. Qd2 Na6 20. Nb5 Nb4 21. Rf1 Rbd8 22. Raa1 g6 23. g4 Bg7 24. Ng3 Qe7 25. Rh1 Rd7 26. Nc3 f6 27. h4 Qf7 28. Rh2 Na6 29. Rg1 Nc7 30. Kf1 Rdd8 31. Rhg2 Nd7 32. b3 Kh8 33. Ke1 Rg8 34. Rh2 Bf8 35. h5 g5 36. h6 Be7 37. Nf5 Nf8 1/2-1/2

[Event "11th LCC FIDE Open 2019"]
[Site "London"]
[Date "2019.12.04"]
[Round "7.29"]
[White "Hill, Alistair"]
[Black "Ahn, Sungmin"]
[Result "1-0"]
[ECO "B22"]
[WhiteElo "2193"]
[BlackElo "1780"]
[Annotator "NA"]
[PlyCount "111"]
[EventDate "2019.11.29"]
[EventType "swiss"]
[EventCountry "ENG"]
[SourceTitle "playchess.com"]
[Source "ChessBase"]
[SourceQuality "1"]
[TimeControl "40/5400+30:1800+30"]

1. e4 c5 2. Nf3 e6 3. c3 Nf6 4. e5 Nd5 5. d4 cxd4 6. cxd4 b6 7. Bd3 Ba6 8. O-O Qc8 9. a3 Be7 10. Re1 Bxd3 11. Qxd3 d6 12. Bg5 dxe5 13. Bxe7 Kxe7 14. dxe5 h6 15. Nbd2 Qa6 16. Qe4 Nd7 17. Nb3 Rac8 18. Rac1 Rxc1 19. Rxc1 Rc8 20. Rxc8 Qxc8 21. g3 Nc5 22. Qc2 Qc7 23. Nbd4 a5 24. Nb5 Qd7 25. Nd6 Kf8 26. Qh7 Ne7 27. b4 axb4 28. axb4 Nb7 29. Ne4 Ng8 30. Ned2 Qd5 31. Qc2 Ne7 32. Qc7 Qc6 33. Qb8+ Qc8 34. Qa7 Nd5 35. Ne4 Nd8 36. b5 Qb7 37. Qa3+ Kg8 38. Nd6 Qb8 39. Nd4 Kh7 40. Qd3+ Kg8 41. Qa3 Kh7 42. h4 Qc7 43. Ne2 f6 44. exf6 Nxf6 45. Nd4 e5 46. Nf3 e4 47. Nxe4 Nxe4 48. Qd3 Nf7 49. Qxe4+ Kh8 50. Kg2 Qd8 51. Nd4 Nd6 52. Qd5 Qe7 53. Nc6 Qf6 54. Ne5 Kh7 55. Nd7 Qg6 56. Nf8+ 1-0

[Event "11th LCC FIDE Open 2019"]
[Site "London"]
[Date "2019.12.04"]
[Round "7.30"]
[White "Yoon, Jacob D"]
[Black "Brozel, Sacha"]
[Result "1-0"]
[ECO "A01"]
[WhiteElo "2037"]
[BlackElo "2188"]
[Annotator "NA"]
[PlyCount "88"]
[EventDate "2019.11.29"]
[EventType "swiss"]
[EventCountry "ENG"]
[SourceTitle "playchess.com"]
[Source "ChessBase"]
[SourceQuality "1"]
[TimeControl "40/5400+30:1800+30"]

1. b3 a5 2. Bb2 a4 3. a3 axb3 4. cxb3 Nf6 5. Nf3 d5 6. d4 Bf5 7. e3 e6 8. Nc3 Nbd7 9. Ne5 Nxe5 10. dxe5 Nd7 11. Ne2 c5 12. Ng3 Bg6 13. f4 Qa5+ 14. Kf2 Rd8 15. h4 h6 16. h5 Bh7 17. Bd3 Bxd3 18. Qxd3 c4 19. Qc2 cxb3 20. Qxb3 Qd2+ 21. Kf3 Bc5 22. Rhd1 Qa5 23. Ne2 O-O 24. Nd4 Nb6 25. Bc3 Qa6 26. Bb4 Rc8 27. Bxc5 Rxc5 28. Qb4 Rfc8 29. g4 Rc4 30. Qe7 Rc3 31. g5 R3c7 32. Qb4 hxg5 33. Rg1 Qd3 34. Qxb6 Qe4+ 35. Kg4 gxf4 36. exf4 f5+ 37. Kg5 Rc4 38. Qxe6+ Kh8 39. Rad1 Rf8 40. Qb6 Rc3 41. h6 Rg8 42. hxg7+ Rxg7+ 43. Kf6 Rcc7 44. Qe6 Qxd4 1-0

[Event "11th LCC FIDE Open 2019"]
[Site "London"]
[Date "2019.12.04"]
[Round "7.31"]
[White "Penna, Tommaso"]
[Black "Abrahams, Daniel"]
[Result "0-1"]
[ECO "B42"]
[WhiteElo "2007"]
[BlackElo "2185"]
[Annotator "NA"]
[PlyCount "118"]
[EventDate "2019.11.29"]
[EventType "swiss"]
[EventCountry "ENG"]
[SourceTitle "playchess.com"]
[Source "ChessBase"]
[SourceQuality "1"]
[TimeControl "40/5400+30:1800+30"]

1. e4 c5 2. Nf3 e6 3. d4 cxd4 4. Nxd4 a6 5. Bd3 Ne7 6. O-O Nbc6 7. Nxc6 Nxc6 8. Nc3 b5 9. Re1 d6 10. a4 b4 11. Na2 Be7 12. Bd2 Rb8 13. Qe2 a5 14. Bb5 Bd7 15. c3 bxc3 16. Nxc3 O-O 17. Be3 Qc7 18. Rac1 Rfc8 19. Red1 Nb4 20. e5 d5 21. Nxd5 Bxb5 22. Nxe7+ Qxe7 23. Qxb5 Nd5 24. Qxa5 Nxe3 25. fxe3 Qg5 26. Rc3 h5 27. h3 Ra8 28. Rxc8+ Rxc8 29. Qd2 Qxe5 30. Rc1 Rb8 31. Qd4 Qxd4 32. exd4 Rxb2 33. Ra1 Rd2 34. a5 Rxd4 35. Kf2 Kf8 36. Ke3 Rd8 37. g4 hxg4 38. hxg4 Ke7 39. a6 Ra8 40. g5 Ra7 41. Ke4 Kd6 42. Ra2 f6 43. gxf6 gxf6 44. Ra1 Kc5 45. Rc1+ Kb5 46. Rb1+ Kxa6 47. Rd1 Kb5 48. Rd8 Kc5 49. Rf8 Ra4+ 50. Ke3 f5 51. Rd8 Re4+ 52. Kd3 Re5 53. Rc8+ Kd6 54. Kd4 Re4+ 55. Kd3 Ke5 56. Rh8 Ra4 57. Rh6 Kd5 58. Rh5 Ra3+ 59. Ke2 Ke4 0-1

[Event "11th LCC FIDE Open 2019"]
[Site "London"]
[Date "2019.12.04"]
[Round "7.32"]
[White "McClement, Andrew"]
[Black "Marusenko, Petr"]
[Result "1/2-1/2"]
[ECO "A11"]
[WhiteElo "2226"]
[BlackElo "2085"]
[Annotator "NA"]
[PlyCount "61"]
[EventDate "2019.11.29"]
[EventType "swiss"]
[EventCountry "ENG"]
[SourceTitle "playchess.com"]
[Source "ChessBase"]
[SourceQuality "1"]
[TimeControl "40/5400+30:1800+30"]

1. Nf3 d5 2. c4 c6 3. g3 Nf6 4. Bg2 Bf5 5. cxd5 cxd5 6. Qb3 Qb6 7. Qxb6 axb6 8. Nc3 Nc6 9. O-O e5 10. d3 h6 11. Nb5 Ra5 12. a4 Bb4 13. Bd2 Bxd2 14. Nd6+ Kf8 15. Nxd2 Nd4 16. Nxf5 Nxf5 17. Rfc1 Rc5 18. b4 Rxc1+ 19. Rxc1 Nd6 20. Rc7 Ke8 21. a5 bxa5 22. bxa5 Kd8 23. Rc5 e4 24. dxe4 dxe4 25. e3 Re8 26. Kf1 Re7 27. Ke2 Rc7 28. Rxc7 Kxc7 29. f3 exf3+ 30. Bxf3 Nd7 31. Bd5 1/2-1/2

[Event "11th LCC FIDE Open 2019"]
[Site "London"]
[Date "2019.12.04"]
[Round "7.33"]
[White "Dong, Bao Nghia"]
[Black "Nilssen, Ellen Fredericia"]
[Result "1-0"]
[ECO "D53"]
[WhiteElo "2217"]
[BlackElo "2004"]
[Annotator "NA"]
[PlyCount "79"]
[EventDate "2019.11.29"]
[EventType "swiss"]
[EventCountry "ENG"]
[SourceTitle "playchess.com"]
[Source "ChessBase"]
[SourceQuality "1"]
[TimeControl "40/5400+30:1800+30"]

1. d4 d5 2. c4 e6 3. Nc3 Nf6 4. Bg5 Be7 5. e3 a6 6. a4 Nbd7 7. Nf3 O-O 8. cxd5 exd5 9. Bd3 c6 10. O-O Re8 11. Qc2 h6 12. Bh4 Ne4 13. Bxe7 Qxe7 14. Bxe4 dxe4 15. Nd2 Nf6 16. a5 g6 17. Nc4 Bf5 18. Nb6 Rad8 19. Ra4 Nh7 20. Rc4 Ng5 21. Qe2 h5 22. Rc1 Bg4 23. Qf1 h4 24. h3 Be6 25. Rc5 Kg7 26. b4 Rh8 27. d5 cxd5 28. Ncxd5 Bxd5 29. Nxd5 Qe5 30. Nf4 Qf6 31. Qc4 Rhe8 32. Nd5 Qf5 33. Qc3+ Re5 34. Ne7 Nf3+ 35. gxf3 Qg5+ 36. Kh2 f6 37. Rg1 Qh5 38. Rxe5 fxe5 39. Nxg6 Kh6 40. Nxe5 1-0

[Event "11th LCC FIDE Open 2019"]
[Site "London"]
[Date "2019.12.04"]
[Round "7.34"]
[White "Rocco, Federico"]
[Black "Taylor, William J"]
[Result "1-0"]
[ECO "C43"]
[WhiteElo "2207"]
[BlackElo "1967"]
[Annotator "NA"]
[PlyCount "37"]
[EventDate "2019.11.29"]
[EventType "swiss"]
[EventCountry "ENG"]
[SourceTitle "playchess.com"]
[Source "ChessBase"]
[SourceQuality "1"]
[TimeControl "40/5400+30:1800+30"]

1. e4 e5 2. Nf3 Nf6 3. d4 Nxe4 4. Bd3 d5 5. dxe5 Nc5 6. Nc3 c6 7. O-O Be7 8. Nd4 O-O 9. f4 Nxd3 10. Qxd3 f6 11. e6 f5 12. Bd2 Na6 13. Nxf5 Bc5+ 14. Kh1 Bxe6 15. Nxg7 Kxg7 16. f5 Bf7 17. Qg3+ Kh8 18. Qe5+ Kg8 19. Bh6 1-0

[Event "11th LCC FIDE Open 2019"]
[Site "London"]
[Date "2019.12.04"]
[Round "7.35"]
[White "Ho, Conrad"]
[Black "Ogunshola, Olugbemiga (Ben)"]
[Result "0-1"]
[ECO "C47"]
[WhiteElo "2046"]
[BlackElo "2169"]
[Annotator "NA"]
[PlyCount "26"]
[EventDate "2019.11.29"]
[EventType "swiss"]
[EventCountry "ENG"]
[SourceTitle "playchess.com"]
[Source "ChessBase"]
[SourceQuality "1"]
[TimeControl "40/5400+30:1800+30"]

1. e4 e5 2. Nf3 Nc6 3. Nc3 Nf6 4. d4 Bb4 5. Nxe5 Nxe4 6. Qe2 Nxc3 7. bxc3 Bxc3+ 8. Bd2 Nxd4 9. Qe4 d5 10. Qf4 Qf6 11. O-O-O Bxd2+ 12. Qxd2 Nc6 13. Nxc6 Qa1# 0-1

[Event "11th LCC FIDE Open 2019"]
[Site "London"]
[Date "2019.12.04"]
[Round "7.36"]
[White "Osborne, Marcus E"]
[Black "Deaconu, Mihai-Ionut"]
[Result "0-1"]
[ECO "E81"]
[WhiteElo "2166"]
[BlackElo "1957"]
[Annotator "NA"]
[PlyCount "73"]
[EventDate "2019.11.29"]
[EventType "swiss"]
[EventCountry "ENG"]
[SourceTitle "playchess.com"]
[Source "ChessBase"]
[SourceQuality "1"]
[TimeControl "40/5400+30:1800+30"]

1. c4 Nf6 2. Nc3 g6 3. e4 d6 4. d4 Bg7 5. f3 O-O 6. Be3 c5 7. Nge2 Nc6 8. d5 Ne5 9. Ng3 h5 10. Be2 h4 11. Nf1 e6 12. Bg5 h3 13. Ne3 Qa5 14. g4 exd5 15. cxd5 b5 16. Qd2 b4 17. Ncd1 Ba6 18. Nf2 Bxe2 19. Qxe2 b3+ 20. Kf1 bxa2 21. Nxh3 Rfb8 22. Nd1 Rb3 23. Nc3 Rab8 24. Rxa2 Qc7 25. Nf2 c4 26. h4 Nfd7 27. h5 Nd3 28. Nxd3 cxd3 29. Qxd3 Rxb2 30. Rxb2 Rxb2 31. Ne2 Nc5 32. Qe3 Rb3 33. Qf2 Nd3 34. Qh4 Ne5 35. hxg6 Rxf3+ 36. Kg1 fxg6 37. Qh7+ 0-1

[Event "11th LCC FIDE Open 2019"]
[Site "London"]
[Date "2019.12.04"]
[Round "7.37"]
[White "Walker, Martin G"]
[Black "Korning, Peter"]
[Result "1/2-1/2"]
[ECO "C88"]
[WhiteElo "2162"]
[BlackElo "1957"]
[Annotator "NA"]
[PlyCount "81"]
[EventDate "2019.11.29"]
[EventType "swiss"]
[EventCountry "ENG"]
[SourceTitle "playchess.com"]
[Source "ChessBase"]
[SourceQuality "1"]
[TimeControl "40/5400+30:1800+30"]

1. e4 e5 2. Nf3 Nc6 3. Bb5 a6 4. Ba4 Nf6 5. O-O Be7 6. Re1 b5 7. Bb3 O-O 8. d4 Nxd4 9. Bxf7+ Rxf7 10. Nxe5 Rf8 11. Qxd4 Bb7 12. Nc3 c5 13. Qd1 b4 14. Nd5 Nxd5 15. exd5 Bd6 16. f4 Qh4 17. g3 Qh3 18. c4 bxc3 19. bxc3 c4 20. Nxc4 Bc5+ 21. Be3 Rac8 22. Rb1 Ba8 23. Ne5 d6 24. Nc6 Qd7 25. Bxc5 Rxc6 26. Bb4 a5 27. Qf3 Rc4 28. Bxa5 Rc5 29. Bb4 Rxd5 30. Rbd1 Rxd1 31. Qxd1 Qc6 32. Kf2 Qg2+ 33. Ke3 Re8+ 34. Kd3 Qd5+ 35. Kc2 Qxa2+ 36. Kd3 Qd5+ 37. Kc2 Qa2+ 38. Kd3 Qd5+ 39. Kc2 Qa2+ 40. Kd3 Qd5+ 41. Kc2 1/2-1/2

[Event "11th LCC FIDE Open 2019"]
[Site "London"]
[Date "2019.12.04"]
[Round "7.38"]
[White "Ethelontis, Alexandros N"]
[Black "Rogacewicz, Mikolaj"]
[Result "1-0"]
[ECO "A14"]
[WhiteElo "2139"]
[BlackElo "1921"]
[Annotator "NA"]
[PlyCount "103"]
[EventDate "2019.11.29"]
[EventType "swiss"]
[EventCountry "ENG"]
[SourceTitle "playchess.com"]
[Source "ChessBase"]
[SourceQuality "1"]
[TimeControl "40/5400+30:1800+30"]

1. c4 e6 2. g3 d5 3. Bg2 Nf6 4. Nf3 Be7 5. O-O O-O 6. Qc2 d4 7. e3 Nc6 8. exd4 Nxd4 9. Nxd4 Qxd4 10. d3 Rd8 11. Rd1 c5 12. Be3 Qd7 13. Nc3 Ng4 14. Bc1 Ne5 15. Be3 Nc6 16. Ne2 Qc7 17. d4 cxd4 18. Nxd4 Nxd4 19. Bxd4 Bd7 20. Qc3 Bf8 21. Rac1 Bc6 22. Be5 Qb6 23. Bd4 Qc7 24. h4 Bxg2 25. Kxg2 Qc6+ 26. Qf3 h5 27. Qxc6 bxc6 28. Be3 a5 29. Kf3 Be7 30. Bb6 Rdb8 31. c5 Rb7 32. b3 a4 33. b4 Kf8 34. Rd3 Ke8 35. a3 Rd7 36. Rcd1 Rxd3+ 37. Rxd3 Rb8 38. Ke4 Rb7 39. Rd1 Rd7 40. Rb1 Rd2 41. b5 Kd7 42. Ba5 f5+ 43. Kf3 Rc2 44. Rd1+ Ke8 45. bxc6 Bxc5 46. Kf4 Kf7 47. f3 Bxa3 48. c7 Rc5 49. Kg5 Bc1+ 50. f4 a3 51. Rd7+ Kg8 52. Kg6 1-0

[Event "11th LCC FIDE Open 2019"]
[Site "London"]
[Date "2019.12.04"]
[Round "7.39"]
[White "Walker, Samuel A"]
[Black "Goh, Zi Han"]
[Result "1/2-1/2"]
[ECO "A26"]
[WhiteElo "2039"]
[BlackElo "2134"]
[Annotator "NA"]
[PlyCount "119"]
[EventDate "2019.11.29"]
[EventType "swiss"]
[EventCountry "ENG"]
[SourceTitle "playchess.com"]
[Source "ChessBase"]
[SourceQuality "1"]
[TimeControl "40/5400+30:1800+30"]

1. c4 Nf6 2. g3 g6 3. Bg2 Bg7 4. Nc3 O-O 5. d3 d6 6. e4 Nc6 7. Nge2 e5 8. O-O Nh5 9. h3 f5 10. Nd5 f4 11. gxf4 Qh4 12. fxe5 Nxe5 13. f4 Bxh3 14. Qe1 Qxe1 15. Rxe1 Nxd3 16. Rf1 Bxg2 17. Kxg2 c6 18. Nc7 Rac8 19. Ne6 Rfe8 20. Nxg7 Kxg7 21. Kf3 Nc5 22. Nc3 Nf6 23. Re1 a5 24. b3 Rcd8 25. Ba3 Nd3 26. Re2 Nh5 27. Rd2 Ndxf4 28. Bxd6 Ne6 29. Rad1 Kg8 30. e5 Rd7 31. Ke3 Red8 32. Ne4 Kg7 33. Rg1 Kh8 34. c5 Nhg7 35. Nf6 Nf5+ 36. Kf3 Rf7 37. Rh2 Ne7 38. Rgh1 Nf8 39. Ke4 Ng8 40. Ng4 Ne6 41. Ne3 Rf4+ 42. Kd3 Rd7 43. Kc2 Rdf7 44. Nc4 a4 45. Nd2 axb3+ 46. axb3 Ne7 47. Ra1 Nd5 48. Ra8+ Kg7 49. Re8 Ndc7 50. Rb8 Na6 51. Re8 Nac7 52. Rb8 Nd4+ 53. Kd3 Nce6 54. Re8 g5 55. Ne4 Kg6 56. Nf6 Kf5 57. Nxh7 Nxb3 58. Rxe6 Kxe6 59. Nxg5+ Kd5 60. e6 1/2-1/2

[Event "11th LCC FIDE Open 2019"]
[Site "London"]
[Date "2019.12.04"]
[Round "7.40"]
[White "Bucher, Grant W"]
[Black "Siddharth, Gopakumar"]
[Result "1-0"]
[ECO "B31"]
[WhiteElo "2121"]
[BlackElo "1848"]
[Annotator "NA"]
[PlyCount "73"]
[EventDate "2019.11.29"]
[EventType "swiss"]
[EventCountry "ENG"]
[SourceTitle "playchess.com"]
[Source "ChessBase"]
[SourceQuality "1"]
[TimeControl "40/5400+30:1800+30"]

1. e4 c5 2. Nf3 Nc6 3. Bb5 g6 4. Bxc6 bxc6 5. O-O Bg7 6. Re1 Nh6 7. c3 O-O 8. d4 cxd4 9. cxd4 d5 10. e5 f6 11. Nbd2 Bg4 12. h3 Bxf3 13. Nxf3 Qb6 14. b3 Nf7 15. Ba3 Rfe8 16. Qc2 Qc7 17. Rac1 Rac8 18. exf6 Bxf6 19. Re6 Nd8 20. Re2 Nf7 21. Re6 Nd8 22. Re2 Nf7 23. Rce1 e5 24. dxe5 Nxe5 25. Nxe5 Rxe5 26. Rxe5 Bxe5 27. Qe2 Bf6 28. Qe6+ Kg7 29. Bd6 Qb7 30. Be5 Rf8 31. Rc1 Qf7 32. Rxc6 Bxe5 33. Qxe5+ Kh6 34. Qe3+ Qf4 35. Qxf4+ Rxf4 36. Rc7 a5 37. Ra7 1-0

[Event "11th LCC FIDE Open 2019"]
[Site "London"]
[Date "2019.12.04"]
[Round "7.41"]
[White "De Coverly, Roger D"]
[Black "Pollack, Oscar"]
[Result "1/2-1/2"]
[ECO "C01"]
[WhiteElo "1986"]
[BlackElo "2112"]
[Annotator "NA"]
[PlyCount "125"]
[EventDate "2019.11.29"]
[EventType "swiss"]
[EventCountry "ENG"]
[SourceTitle "playchess.com"]
[Source "ChessBase"]
[SourceQuality "1"]
[TimeControl "40/5400+30:1800+30"]

1. e4 e6 2. d4 d5 3. exd5 exd5 4. c4 Nf6 5. Nc3 Nc6 6. Nf3 Bg4 7. cxd5 Nxd5 8. Be2 Bb4 9. Bd2 O-O 10. O-O Nce7 11. h3 Bf5 12. a3 Bxc3 13. bxc3 Ng6 14. Re1 Re8 15. Qb3 Ndf4 16. Bc4 Qd7 17. Bxf4 Nxf4 18. Ne5 Rxe5 19. Rxe5 Bxh3 20. Bxf7+ Kh8 21. Rae1 h6 22. Re8+ Rxe8 23. Rxe8+ Kh7 24. gxh3 Nxh3+ 25. Kh2 Nf4 26. Re3 Qc6 27. Qc2+ g6 28. Rg3 Kg7 29. d5 Qd6 30. Be6 h5 31. Kg1 Qe5 32. Kf1 c6 33. Rf3 cxd5 34. Rxf4 Qxf4 35. Bxd5 b6 36. c4 Qd4 37. Be4 Qa1+ 38. Kg2 Qxa3 39. Bxg6 Qc5 40. Be4 Qg5+ 41. Kf1 Qe5 42. Qd3 h4 43. Qd7+ Kh6 44. Qf5 Qd6 45. Qh7+ Kg5 46. Bd5 a5 47. Qg7+ Kf5 48. f3 Qh2 49. Qd7+ Kg5 50. Qe7+ Kh6 51. Qf6+ Kh7 52. Be4+ Kg8 53. Qg6+ Kf8 54. Qf6+ Kg8 55. Bd5+ Kh7 56. Qf7+ Kh6 57. Qf8+ Kg5 58. Qg7+ Kf5 59. Qg4+ Kf6 60. Qd4+ Kg5 61. Qg1+ Qxg1+ 62. Kxg1 a4 63. Be4 1/2-1/2

[Event "11th LCC FIDE Open 2019"]
[Site "London"]
[Date "2019.12.04"]
[Round "7.42"]
[White "Tanmay Chopra"]
[Black "Davis, Holden"]
[Result "1-0"]
[ECO "C06"]
[WhiteElo "2082"]
[BlackElo "1840"]
[Annotator "NA"]
[PlyCount "51"]
[EventDate "2019.11.29"]
[EventType "swiss"]
[EventCountry "ENG"]
[SourceTitle "playchess.com"]
[Source "ChessBase"]
[SourceQuality "1"]
[TimeControl "40/5400+30:1800+30"]

1. e4 e6 2. d4 d5 3. Nd2 Nf6 4. e5 Nfd7 5. Bd3 c5 6. c3 Nc6 7. Ne2 cxd4 8. cxd4 f6 9. exf6 Nxf6 10. Nf3 Bd6 11. O-O Qc7 12. Bg5 O-O 13. Bh4 Nh5 14. Qc2 h6 15. Bh7+ Kh8 16. Bg6 Rxf3 17. Bxh5 Bxh2+ 18. Kh1 Rf5 19. Bg6 Bd6 20. Bxf5 exf5 21. f3 Qf7 22. Kg1 Qh5 23. Be1 Bh2+ 24. Kf2 f4 25. Rh1 Bf5 26. Rxh2 1-0

[Event "11th LCC FIDE Open 2019"]
[Site "London"]
[Date "2019.12.04"]
[Round "7.43"]
[White "Saidmurodov, Shahjahon"]
[Black "Balaji, Aaravamudhan"]
[Result "0-1"]
[ECO "C56"]
[WhiteElo "1782"]
[BlackElo "2080"]
[Annotator "NA"]
[PlyCount "124"]
[EventDate "2019.11.29"]
[EventType "swiss"]
[EventCountry "ENG"]
[SourceTitle "playchess.com"]
[Source "ChessBase"]
[SourceQuality "1"]
[TimeControl "40/5400+30:1800+30"]

1. e4 e5 2. Nf3 Nc6 3. Bc4 Nf6 4. d4 exd4 5. O-O Nxe4 6. Re1 d5 7. Bxd5 Qxd5 8. Nc3 Qh5 9. Nxe4 Be6 10. Bg5 Bd6 11. Nxd6+ cxd6 12. Bf4 Qd5 13. c3 Rc8 14. Qd2 O-O 15. Nxd4 Nxd4 16. Qxd4 Qxd4 17. cxd4 Rfd8 18. Rac1 Rc6 19. b3 Kf8 20. f3 Bd5 21. Rxc6 bxc6 22. Kf2 f6 23. h4 h6 24. Rc1 Ke7 25. Rc3 g5 26. Bd2 Ra8 27. a3 a5 28. Re3+ Kd7 29. hxg5 fxg5 30. b4 a4 31. Re1 Rf8 32. Rh1 Rf6 33. Be3 Kc7 34. Ke2 Kb6 35. Kd3 Kb5 36. Rc1 Rg6 37. Rc2 g4 38. Ke2 h5 39. Kd3 h4 40. Rf2 g3 41. Rc2 h3 42. gxh3 Bxf3 43. Rc1 g2 44. Bf2 Bd5 45. h4 Rf6 46. Be3 Rf1 47. Kd2 Rh1 48. Bf2 Bc4 49. Rg1 Bf1 50. Ke3 Rh3+ 51. Kf4 Rxa3 52. d5 c5 53. bxc5 dxc5 54. Ke4 Rh3 55. d6 Kc6 56. d7 Kxd7 57. Bxc5 a3 58. Bf8 a2 59. Bg7 Rh1 60. Rxg2 Bxg2+ 61. Kf4 a1=Q 62. Bxa1 Rxa1 0-1

[Event "11th LCC FIDE Open 2019"]
[Site "London"]
[Date "2019.12.04"]
[Round "7.44"]
[White "Wilks, Simon"]
[Black "Varsha Ramesh"]
[Result "1-0"]
[ECO "B31"]
[WhiteElo "2071"]
[BlackElo "1669"]
[Annotator "NA"]
[PlyCount "59"]
[EventDate "2019.11.29"]
[EventType "swiss"]
[EventCountry "ENG"]
[SourceTitle "playchess.com"]
[Source "ChessBase"]
[SourceQuality "1"]
[TimeControl "40/5400+30:1800+30"]

1. e4 c5 2. Nf3 Nc6 3. Bb5 g6 4. Bxc6 dxc6 5. d3 Bg7 6. h3 Nf6 7. Nc3 O-O 8. O-O Nd7 9. Be3 e5 10. Qd2 Re8 11. Bh6 Bh8 12. Nh2 b6 13. Rae1 Nf8 14. f4 Ne6 15. fxe5 Bxe5 16. Ng4 Bh8 17. e5 Nd4 18. Bg5 Qc7 19. Nh6+ Kf8 20. Rxf7+ Qxf7 21. Nxf7 Kxf7 22. Rf1+ Kg8 23. Bf6 Be6 24. Ne4 a5 25. c3 Nf5 26. g4 Ne7 27. Qh6 Nd5 28. Bxh8 Kxh8 29. Ng5 Bg8 30. Rf7 1-0

[Event "11th LCC FIDE Open 2019"]
[Site "London"]
[Date "2019.12.04"]
[Round "7.45"]
[White "AuYeung, Chi Hung Jonathan"]
[Black "Ciocan, Maria-Alexandra"]
[Result "1/2-1/2"]
[ECO "E63"]
[WhiteElo "1770"]
[BlackElo "2058"]
[Annotator "NA RC"]
[PlyCount "114"]
[EventDate "2019.11.29"]
[EventType "swiss"]
[EventCountry "ENG"]
[SourceTitle "playchess.com"]
[Source "ChessBase"]
[SourceQuality "1"]
[TimeControl "40/5400+30:1800+30"]

1. d4 Nf6 2. Nf3 g6 3. c4 Bg7 4. g3 O-O 5. Bg2 d6 6. O-O Nc6 7. Nc3 a6 8. e4 Bg4 9. Be3 Nd7 10. Qd2 Bxf3 11. Bxf3 e5 12. d5 Nd4 13. Bg2 c5 14. dxc6 bxc6 15. b4 Nb6 16. Qd3 Qd7 17. Rac1 Qe6 18. Ne2 c5 19. f4 f6 20. Bxd4 cxd4 21. c5 dxc5 22. bxc5 Nd7 23. f5 Qxa2 24. fxg6 hxg6 25. Bh3 Qf7 26. c6 Nb6 27. c7 Nc8 28. Rc6 Re8 29. Rxa6 Rxa6 30. Qxa6 d3 31. Bxc8 dxe2 32. Be6 exf1=Q+ 33. Kxf1 Qxe6 34. Qxe6+ Rxe6 35. c8=Q+ Kf7 36. Qd7+ Re7 37. Qd5+ Kf8 38. g4 Bh6 39. h4 Kg7 40. Qd6 Rf7 41. Ke2 Bf4 42. Kd3 Ra7 43. Kc4 Ra4+ 44. Kb5 Ra7 45. Qc5 Rf7 46. Kc6 Bg3 47. h5 gxh5 48. gxh5 Kh6 49. Qe3+ Bf4 50. Qh3 Rg7 51. Qf5 Rg5 52. Qxf6+ Kxh5 53. Kd5 Kg4 54. Qh6 Rh5 55. Qg7+ Rg5 56. Qa7 Kh4 57. Qa1 Rg3 1/2-1/2